 Dungeon Crawl Stone Soup version 0.25-a0-597-gb30770a0c0 (webtiles) character file.

Game seed: 3025368640170561892, levelgen mode: deterministic

49546 An17 the Hand of Fortune (level 14, -4/109 HPs)
             Began as a Demonspawn Wanderer on Mar 15, 2020.
             Was the Champion of Nemelex Xobeh.
             Killed from afar by a lava snake (10 damage)
             ... with a glob of lava
             ... on level 6 of the Lair of Beasts.
             The game lasted 00:52:07 (14267 turns).

An17 the Hand of Fortune (Demonspawn Wanderer)     Turns: 14267, Time: 00:52:08

Health: -4/109     AC: 17    Str: 18    XL:     14   Next: 16%
Magic:  27/27      EV: 20    Int: 13    God:    Nemelex Xobeh [******]
Gold:   4284       SH:  0    Dex: 18    Spells: 13/13 levels left

rFire    + . .     SeeInvis .   q - +6 demon blade (elec)
rCold    + . .     Gourm    .   (no shield)
rNeg     . . .     Faith    .   F - +2 chain mail {rF+}
rPois    .         Spirit   .   (helmet unavailable)
rElec    .         Reflect  .   T - +0 cloak
rCorr    .         Harm     .   (no gloves)
MR       +....                  C - +0 pair of boots
Stlth    ..........             I - amulet of regeneration
HPRegen  0.68/turn              g - +6 ring of evasion
MPRegen  0.20/turn              p - +5 ring of dexterity

@: lethally poisoned (-4 -> -9), very slightly contaminated
A: horns 3, cold resistance 1, spiny 2, augmentation 1, freezing cloud immunity,
sturdy frame 1
a: Draw Escape, Draw Destruction, Draw Summoning, Triple Draw, Deal Four, Stack
Five, Renounce Religion


You were on level 6 of the Lair of Beasts.
You worshipped Nemelex Xobeh.
Nemelex Xobeh was exalted by your worship.
You were not hungry.

You visited 2 branches of the dungeon, and saw 16 of its levels.
You also visited: Ossuary.

You collected 4284 gold pieces.

Inventory:

Hand Weapons
 q - a +6 demon blade of electrocution (weapon)
 x - the +3 Elemental Staff {rElec rF++ rC++ MR++ AC+5}
   (You acquired it on level 6 of the Dungeon)

   It affects your AC (+5).
   It greatly protects you from fire.
   It greatly protects you from cold.
   It insulates you from electricity.
   It affects your resistance to hostile enchantments.
 B - a +4 halberd of freezing
Armour
 c - a +3 scale mail
 i - a +1 hat
 A - the +1 leather armour of Gozag's Regard {Str+5 Int+3 Dex-5}
   (You found it on level 7 of the Dungeon)

   It affects your strength (+5).
   It affects your intelligence (+3).
   It affects your dexterity (-5).
 C - a +0 pair of boots (worn)
 F - a +2 chain mail of fire resistance (worn)
 T - a +0 cloak (worn)
Jewellery
 a - an uncursed ring of protection from fire
 g - a +6 ring of evasion (left hand)
 j - an uncursed ring of resist corrosion
 l - an uncursed ring of fire
 p - a +5 ring of dexterity (right hand)
 w - an uncursed ring of positive energy
 I - an amulet of regeneration (around neck)
 K - a +3 ring of strength
 M - an uncursed amulet of the acrobat
Wands
 r - a wand of acid (23)
 z - a wand of iceblast (30)
 D - a wand of enslavement (11)
 J - a wand of paralysis (12)
 L - a wand of scattershot (4)
 N - a wand of random effects (14)
 U - a wand of polymorph (16)
Scrolls
 b - 10 scrolls of teleportation
 n - 6 scrolls of remove curse
 o - 4 scrolls of fog
 s - 2 scrolls of enchant armour
 P - 3 scrolls of magic mapping
 Q - a scroll of amnesia
 R - a scroll of identify
Potions
 e - 2 potions of invisibility
 f - 5 potions of mutation
 h - 5 potions of heal wounds
 k - 3 potions of cancellation
 m - 3 potions of lignification
 t - 3 potions of might
 u - 2 potions of brilliance
 v - 2 potions of magic
 E - 3 potions of ambrosia
 G - 3 potions of curing
 H - a potion of haste {unknown}
 O - a potion of flight
Comestibles
 d - 17 rations


   Skills:
 + Level 9.6 Fighting
 + Level 8.1 Long Blades
 + Level 10.6 Staves
 - Level 1.0 Throwing
 + Level 11.1 Armour
 + Level 8.1 Dodging
 - Level 1.0 Stealth
 * Level 18.0 Invocations


You had 13 spell levels left.
You didn't know any spells.
Your spell library contained the following spells:

 Spells                   Type           Power        Failure   Level  Hunger
 Animate Skeleton         Necr           N/A          82%         1    ##.....
 Apportation              Tloc           #.....       82%         1    ##.....
 Beastly Appendage        Tmut           #.....       82%         1    ##.....
 Corona                   Hex            #......      82%         1    ##.....
 Summon Small Mammal      Summ           #...         82%         1    ##.....
 Slow                     Hex            #.......     91%         2    ###....
 Sticks to Snakes         Tmut           #.......     91%         2    ###....
 Confusing Touch          Hex            #.......     99%         3    ####...
 Gell's Gravitas          Tloc           #.........   99%         3    ####...
 Inner Flame              Hex/Fire       #.......     99%         3    ####...
 Portal Projectile        Hex/Tloc       #.....       99%         3    ####...
 Spider Form              Tmut/Pois      #.........   99%         3    ####...
 Cause Fear               Hex            #.........   100%        4    #####..
 Ice Form                 Ice/Tmut       #.......     100%        4    #####..
 Leda's Liquefaction      Hex/Erth       #.........   100%        4    #####..
 Petrify                  Tmut/Erth      #.......     100%        4    #####..
 Blade Hands              Tmut           #.........   100%        5    ######.
 Metabolic Englaciation   Hex/Ice        #.........   100%        5    ######.
 Yara's Violent Unravell  Hex/Tmut       #.........   100%        5    ######.


Dungeon Overview and Level Annotations

Branches:
Dungeon (10/15)            Temple (0/1) D:7            Lair (6/6) D:10
 Shoals (0/4) Lair:3       Spider (0/4) Lair:3        Slime (0/5) Lair:6
    Orc (0/2) D:10        Ossuary (visited)

Altars:
Ashenzari
Hepliaklqana
Makhleb
Nemelex Xobeh
Qazlal
Wu Jian
Xom
Zin
Jiyva

Shops:
D:10 *

Annotations:
D:3 1 runed translucent door, iVAG's ghost, amateur DsAK
Lair:2 3 runed translucent doors, Kohma's ghost, journeyman GrEE
Lair:6 1 runed translucent door


Innate Abilities, Weirdness & Mutations

You have a pair of large horns on your head.
Your flesh is cold resistant. (rC+)
You are mostly covered in sharp spines.
Your magical and physical power is slightly enhanced at high health.
You are immune to freezing clouds.
Your movements are slightly less encumbered by armour. (ER -2)


Message History

The black mamba poisons you!
The black mamba is struck by your spines.
The black mamba bites you.
* * * LOW HITPOINT WARNING * * *
The komodo dragon bites you!
* * * LOW HITPOINT WARNING * * *
Found 77 gold pieces, a rapier, a ration and a knobbly smoking staff.
You see here a lindwurm corpse.
Blink to where?
Press: ? - help, Dir - move target cursor You are very lightly contaminated with residual magic.
As you read the scroll of blinking, it crumbles to dust.
A lava snake comes into view.
* * * LOW HITPOINT WARNING * * *
You feel sick.
The lava snake hisses angrily.
The lava snake spits lava at you. The glob of lava hits you!
You partially resist.
You die...
Your body glows with a rainbow of weird colours and disappears.

...........# ≈≈ ##....≈#.....#
...........# #§ ##...≈≈§..###
..........## §≈ ###≈≈≈≈#..#≈
..........###§§. ##§§§§§≈≈≈≈≈≈.§§
..........##8§§. .#≈§######§≈≈#..
.†.......####≈≈. §§≈##... ##§≈###
††...†...###≈≈..§≈≈≈#..D.$$#≈≈#..
†........##8≈≈§.§...+.....|#≈§≈..
......<..# #S...@...+.....%#§§≈.§
........###8§§§..≈≈≈#....)$#§§≈..
........# §....≈≈##...$##§≈§..
........# §≈§....≈.######≈##...
........# #§≈§....≈§..§≈§≈≈§##..
........# §§#≈≈...#§≈§S#≈≈≈≈≈#..
........# § #≈≈....##Sl.##≈§..#.
........# ##≈......l...#...≈##
........ ........)..≈≈≈≈#


You could see a fire dragon, a komodo dragon, 2 black mambas and a lava snake.

Vanquished Creatures
  Josephine (D:10)
  Erolcha (D:9)
  6 hydras
  A two-headed ogre (D:8)
  A fire crab (Lair:6)
  An unseen horror (Lair:6)
  A lindwurm (Lair:6)
  An oklob plant (Lair:2)
  10 elephants
  8 black mambas
  3 merfolk sirens (Lair:3)
  2 guardian serpents (Lair:6)
  2 molten gargoyles (Lair:6)
  6 spiny frogs
  5 rime drakes
  2 queen bees
  7 komodo dragons
  A troll (D:9)
  A merfolk (Lair:3)
  Grinder (D:4)
  20 blink frogs
  A dream sheep (D:10)
  6 hippogriffs
  A tarantella (Lair:4)
  3 wraiths
  7 spriggans
  6 wyverns
  45 yaks
  2 steam dragons
  7 basilisks
  4 hell hounds (Lair:6)
  22 water moccasins
  10 porcupines
  4 orc warriors
  A sky beast (D:7)
  An ice beast (D:6)
  A phantom (D:5)
  5 ogres
  11 wolves
  2 centaurs
  18 crocodiles
  9 bullfrogs
  4 scorpions
  A wyvern skeleton (D:9)
  42 killer bees
  9 wights
  4 howler monkeys
  2 electric eels (Lair:4)
  10 crimson imps
  3 lava snakes (Lair:6)
  4 hounds
  2 jellies (D:10)
  3 orc priests
  A human zombie (Ossuary)
  6 orc wizards
  4 iguanas
  6 worker ants
  4 big kobold zombies (Ossuary)
  A hound zombie (Ossuary)
  3 mummies (Ossuary)
  3 gnolls (D:3)
  8 adders
  A shadow imp (D:8)
  An adder zombie (Ossuary)
  An adder skeleton (D:8)
  3 dart slugs
  A leopard gecko (D:6)
  26 orcs
  3 giant cockroaches
  3 gnoll zombies (Ossuary)
  11 goblins
  6 hobgoblins
  8 jackals
  6 kobolds
  2 ball pythons
  2 bats
  5 frilled lizards
  5 goblin zombies (Ossuary)
  2 hobgoblin zombies (Ossuary)
  4 jackal zombies (Ossuary)
  8 kobold zombies (Ossuary)
  A leopard gecko skeleton (D:5)
  2 orc zombies (Ossuary)
  2 quokka zombies (Ossuary)
  5 rats
  2 rat zombies (Ossuary)
  A fungus (Lair:2)
  3 plants (Lair:2)
481 creatures vanquished.

Vanquished Creatures (collateral kills)
  2 yaks (Lair:1)
  A plant (Lair:1)
3 creatures vanquished.

Vanquished Creatures (others)
  A komodo dragon (Lair:6)
  A killer bee (Lair:2)
  A gnoll (D:3)
  2 ball lightnings (Lair:6)
  8 fungi
  9 plants
22 creatures vanquished.

Grand Total: 506 creatures vanquished

Notes
Turn   | Place    | Note
-------+----------+-------------------------------------------
     0 | D:1      | An17 the Demonspawn Wanderer began the quest for the Orb.
     0 | D:1      | An17 set off with the following items: a +0 falchion, a
                  | scroll of teleportation, a +2 scale mail, a ration
     0 | D:1      | Reached XP level 1. HP: 18/18 MP: 1/1
    28 | D:1      | Gained mutation: You have a pair of small horns on your
                  | head. [demonic ancestry]
    28 | D:1      | Reached XP level 2. HP: 5/24 MP: 2/2
   618 | D:1      | Found a sparkling altar of Nemelex Xobeh.
   622 | D:1      | Became a worshipper of Nemelex Xobeh the Trickster
   739 | D:2      | Received a gift from Nemelex Xobeh
   955 | D:2      | Reached XP level 3. HP: 29/29 MP: 3/3
  1683 | D:3      | Found a shattered altar of Ashenzari.
  1746 | D:3      | Reached * piety under Nemelex Xobeh
  1828 | D:3      | Reached skill level 1 in Invocations
  1830 | D:3      | Reached XP level 4. HP: 35/35 MP: 4/4
  2022 | D:3      | Found a burning altar of Makhleb.
  2161 | D:3      | Reached skill level 2 in Invocations
  2318 | D:3      | Found a runed translucent door.
  2319 | D:3      | Noticed a vampire
  2319 | D:3      | Noticed iVAG's ghost (amateur DsAK)
  2396 | D:4      | Gained mutation: Your flesh is cold resistant. (rC+)
                  | [demonic ancestry]
  2396 | D:4      | Reached XP level 5. HP: 37/41 MP: 6/6
  2422 | D:4      | Found a shattered altar of Ashenzari.
  2616 | D:4      | Reached skill level 1 in Dodging
  2642 | D:4      | Reached skill level 3 in Invocations
  2642 | D:4      | Gained mutation: You are partially covered in sharp spines.
                  | [demonic ancestry]
  2642 | D:4      | Reached XP level 6. HP: 36/47 MP: 8/8
  2791 | D:4      | Noticed Grinder
  2793 | D:4      | Paralysed by Grinder for 7 turns
  2861 | D:4      | Killed Grinder
  2861 | D:4      | Gained mutation: Your movements are slightly less
                  | encumbered by armour. (ER -2) [demonic ancestry]
  2861 | D:4      | Reached XP level 7. HP: 49/53 MP: 9/9
  2868 | D:4      | Received a gift from Nemelex Xobeh
  2891 | D:4      | Found a shimmering altar of Xom.
  2981 | D:4      | Reached skill level 4 in Invocations
  3013 | D:4      | Reached ** piety under Nemelex Xobeh
  3167 | D:5      | Entered Level 5 of the Dungeon
  3268 | D:5      | Found a sand-covered staircase.
  3274 | Ossuary  | Entered an ossuary
  3361 | Ossuary  | Reached skill level 5 in Long Blades
  3443 | Ossuary  | Reached skill level 5 in Armour
  3509 | Ossuary  | Reached skill level 5 in Invocations
  3509 | Ossuary  | Gained mutation: You have a pair of horns on your head.
                  | [demonic ancestry]
  3509 | Ossuary  | Reached XP level 8. HP: 60/60 MP: 11/11
  3705 | D:5      | Received a gift from Nemelex Xobeh
  4049 | D:6      | Identified 2 scrolls of acquirement
  4051 | D:6      | Identified the +0 pair of gloves of Huxoz {rPois Str+4
                  | Int-5 Dex+4} (You acquired it on level 6 of the Dungeon)
  4052 | D:6      | Found the +3 Elemental Staff {rElec rF++ rC++ MR++ AC+5}
  4093 | D:6      | Reached skill level 6 in Invocations
  4099 | D:6      | Reached *** piety under Nemelex Xobeh
  4397 | D:7      | Received a gift from Nemelex Xobeh
  4437 | D:7      | Reached skill level 7 in Invocations
  4470 | D:7      | Reached skill level 5 in Fighting
  4470 | D:7      | Reached skill level 1 in Staves
  4509 | D:7      | Found a staircase to the Ecumenical Temple.
  4532 | D:7      | Got a transparent leather armour
  4543 | D:7      | Identified the +1 leather armour of Gozag's Regard {Str+5
                  | Int+3 Dex-5} (You found it on level 7 of the Dungeon)
  4601 | D:7      | Reached skill level 8 in Invocations
  4677 | D:7      | Reached XP level 9. HP: 64/68 MP: 15/15
  4945 | D:8      | Reached skill level 9 in Invocations
  4989 | D:8      | Noticed a two-headed ogre
  5012 | D:8      | Killed a two-headed ogre
  5012 | D:8      | Reached skill level 10 in Invocations
  5438 | D:8      | Received a gift from Nemelex Xobeh
  5965 | D:9      | Reached **** piety under Nemelex Xobeh
  5985 | D:9      | Received a gift from Nemelex Xobeh
  6021 | D:9      | Gained mutation: You are immune to freezing clouds.
                  | [demonic ancestry]
  6021 | D:9      | Reached XP level 10. HP: 61/76 MP: 16/18
  6049 | D:9      | Noticed Psyche
  6116 | D:9      | Reached skill level 5 in Staves
  6428 | D:9      | Reached skill level 11 in Invocations
  6512 | D:9      | Identified the ring "Hixyrixi" {Wiz rN+ Dex+3 Stlth+} (You
                  | acquired it on level 9 of the Dungeon)
  6518 | D:9      | Found a stormy altar of Qazlal.
  6521 | D:9      | Found a hazy altar of Hepliaklqana.
  6522 | D:9      | Received a gift from Nemelex Xobeh
  6524 | D:9      | Found an ornate altar of the Wu Jian Council.
  6796 | D:9      | Noticed Erolcha
  6807 | D:9      | Killed Erolcha
  6807 | D:9      | Reached skill level 5 in Dodging
  6807 | D:9      | Reached skill level 12 in Invocations
  6808 | D:9      | Found a glowing silver altar of Zin.
  7000 | D:10     | Entered Level 10 of the Dungeon
  7034 | D:10     | Noticed Josephine
  7091 | D:10     | Killed Josephine
  7160 | D:10     | Found a staircase to the Orcish Mines.
  7178 | D:10     | Found Vajamp's Assorted Antiques.
  7254 | D:10     | Received a gift from Nemelex Xobeh
  7282 | D:10     | Gained mutation: Your magical and physical power is
                  | slightly enhanced at high health. [demonic ancestry]
  7282 | D:10     | Reached XP level 11. HP: 64/83 MP: 20/20
  7313 | D:10     | Noticed Harold
  7319 | D:10     | Noticed Harold
  7319 | D:10     | Harold changed into Harold the dream sheep
  7324 | D:10     | Killed Harold the dream sheep
  7337 | D:10     | Reached skill level 13 in Invocations
  7641 | D:10     | Received a gift from Nemelex Xobeh
  7768 | D:10     | Found a staircase to the Lair.
  7858 | Lair:1   | Entered Level 1 of the Lair of Beasts
  8014 | Lair:1   | Noticed a five-headed hydra
  8388 | Lair:1   | Reached ***** piety under Nemelex Xobeh
  8429 | Lair:1   | Killed a five-headed hydra
  8429 | Lair:1   | Reached skill level 14 in Invocations
  8492 | Lair:1   | Received a gift from Nemelex Xobeh
  9052 | Lair:2   | Reached XP level 12. HP: 34/91 MP: 23/23
  9369 | Lair:2   | Reached skill level 15 in Invocations
 10026 | Lair:2   | Found a sparkling altar of Nemelex Xobeh.
 10030 | Lair:2   | Found a runed translucent gate.
 10030 | Lair:2   | Found a runed translucent gate.
 10030 | Lair:2   | Found a runed translucent gate.
 10034 | Lair:2   | Noticed Kohma's ghost (journeyman GrEE)
 10039 | Lair:2   | Received a gift from Nemelex Xobeh
 10042 | Lair:2   | Noticed a death ooze
 10045 | Lair:2   | Found a viscous altar of Jiyva.
 10174 | Lair:2   | Noticed a five-headed hydra
 10541 | Lair:2   | Killed a five-headed hydra
 10542 | Lair:2   | Received a gift from Nemelex Xobeh
 10921 | Lair:3   | Found a hole to the Spider Nest.
 10941 | Lair:3   | Reached skill level 10 in Armour
 10941 | Lair:3   | Reached skill level 16 in Invocations
 10949 | Lair:3   | Received a gift from Nemelex Xobeh
 11126 | Lair:3   | Received a gift from Nemelex Xobeh
 11639 | Lair:3   | Found a staircase to the Shoals.
 11791 | Lair:4   | Gained mutation: You are mostly covered in sharp spines.
                  | [demonic ancestry]
 11791 | Lair:4   | Reached XP level 13. HP: 99/99 MP: 25/25
 11924 | Lair:4   | Received a gift from Nemelex Xobeh
 12014 | Lair:4   | Reached skill level 10 in Staves
 12129 | Lair:4   | HP: 4/99 [poisoned by a spiny frog]
 12139 | Lair:4   | Reached skill level 17 in Invocations
 12640 | Lair:4   | Received a gift from Nemelex Xobeh
 12941 | Lair:5   | Reached ****** piety under Nemelex Xobeh
 13090 | Lair:5   | Received a gift from Nemelex Xobeh
 13711 | Lair:6   | Entered Level 6 of the Lair of Beasts
 13998 | Lair:6   | Received a gift from Nemelex Xobeh
 14018 | Lair:6   | Found a viscous altar of Jiyva.
 14019 | Lair:6   | Found a staircase to the Slime Pits.
 14109 | Lair:6   | Gained mutation: You have a pair of large horns on your
                  | head. [demonic ancestry]
 14109 | Lair:6   | Reached XP level 14. HP: 49/108 MP: 26/26
 14196 | Lair:6   | Found a large runed translucent door.
 14243 | Lair:6   | Reached skill level 18 in Invocations
 14267 | Lair:6   | Found a large runed translucent door.
 14267 | Lair:6   | Killed from afar by a lava snake

Levels and vault maps discovered:
D:1:      dpeg_arrival_stonehenge_8_columns, layout_basic,
          nemelex_diamond_rough_becter
D:2:      layout_basic
D:3:      layout_basic, marbit_many_paths, ebering_ghost_inner_flame,
          first_ration, lemuel_altar_in_water
D:4:      layout_cave_pools, led_xom_imps, nicolae_overflow_hidden_temple,
          abandoned_shop, corexii_leaking_fountain, uniq_grinder
D:5:      layout_rooms, nicolae_ossuary_entry_plus
D:6:      layout_cave_pools, minmay_splitting_lines, kennysheep_generic_room_10
D:7:      layout_rooms, minmay_temple_entry_statues_pillars, serial_glass,
          glass_columns_c, glass_columns_a, kennysheep_generic_room_8
D:8:      layout_loops_ring
D:9:      cheibrodos_helix_gallery, layout_basic, old_standard_altar,
          grunt_temple_overflow_diamond, enter_bailey_3, uniq_psyche,
          uniq_erolcha
D:10:     layout_irregular_city, grunt_lair_entry_orc_guard_hut, david_orc_2,
          serial_shops, nicolae_shop_crystal, david_nohive_1, uniq_josephine,
          uniq_harold
Lair:1:   layout_gridlike
Lair:2:   regret_index_bee_streams, layout_chaotic_city, gammafunk_ghost_ooze,
          lemuel_oklob_altar
Lair:3:   layout_cave_pods, elwin_shoals_entry_stream,
          spider_nest_entry_web_field
Lair:4:   layout_long_grid, nicolae_quartered_pool_little, grunt_megastairs_4,
          lemuel_fruit_tree, infiniplex_staircase_pool
Lair:5:   layout_regular_city, wad_woods_01
Lair:6:   cheibrodos_lair_end_hotspot, layout_regular_city, slime_altar_1

Skill      XL: |  1  2  3  4  5  6  7  8  9 10 11 12 13 14 |
---------------+-------------------------------------------+-----
Armour         | 3 4 5 6 7 9 10 11 | 11.1
Long Blades    | 2 3 4 5 7 8 |  8.1
Invocations    | 1 2 3 5 8 10 12 14 16 17 18 | 18.0
Dodging        | 1 2 3 4 5 6 7 8 |  8.1
Fighting       | 4 5 6 7 8 9 |  9.6
Staves         | 1 4 6 8 9 10 | 10.6
Throwing       | |  1.0
Stealth        | |  1.0

Action                   |  1- 3 |  4- 6 |  7- 9 | 10-12 | 13-15 || total
-------------------------+-------+-------+-------+-------+-------++-------
Melee: Falchion          |    93 |   140 |   139 |       |       ||   372
       Headbutt          |    12 |    37 |    95 |   202 |   134 ||   480
       Unarmed           |       |     1 |       |       |       ||     1
       Staff             |       |       |   181 |   726 |   219 ||  1126
       Demon blade       |       |       |       |       |   146 ||   146
Invok: Draw Destruction  |     2 |       |     1 |    14 |     6 ||    23
       Draw Summoning    |       |       |     1 |       |       ||     1
       Draw Escape       |       |       |       |     1 |     1 ||     2
       Triple Draw       |       |       |       |       |     1 ||     1
  Use: Scroll            |     8 |       |     7 |    18 |    10 ||    43
       Potion            |       |       |       |       |     2 ||     2
 Stab: Sleeping          |       |       |     1 |       |       ||     1
  Eat: Ration            |     1 |     1 |     3 |     6 |     2 ||    13
       Chunk             |       |       |       |       |     1 ||     1
Armor: Scale mail        |    62 |    87 |   110 |    34 |       ||   293
       Chain mail        |       |       |       |   208 |   167 ||   375
Dodge: Dodged            |    66 |   159 |   261 |   626 |   378 ||  1490
       Rpst.: Falchion   |    20 |    41 |    31 |       |       ||    92
       Demon blade       |       |       |       |       |    47 ||    47

Table legend:
 A = Non-vault XP
 B = Vault XP
 C = Vault XP percentage of total XP
 D = Non-vault monster count
 E = Vault monster count
 F = Vault count percentage of total count
                 A         B        C        D         E       F
            +---------+---------+-------+---------+---------+-------
      Total |   48997 |   21784 |  30.8 |     318 |     164 |  34.0
            +---------+---------+-------+---------+---------+-------
        D:1 |      36 |       0 |   0.0 |      19 |       0 |   0.0
        D:2 |       8 |       0 |   0.0 |       6 |       0 |   0.0
        D:3 |     148 |       3 |   2.0 |      21 |       1 |   4.5
        D:4 |     332 |     468 |  58.5 |      19 |       5 |  20.8
        D:5 |     437 |       0 |   0.0 |      14 |       0 |   0.0
        D:6 |     332 |       0 |   0.0 |       6 |       0 |   0.0
        D:7 |     880 |     136 |  13.4 |      16 |       1 |   5.9
        D:8 |    2237 |       0 |   0.0 |      23 |       0 |   0.0
        D:9 |    2182 |    1585 |  42.1 |      19 |       9 |  32.1
       D:10 |     218 |    3658 |  94.4 |      10 |      29 |  74.4
     Lair:1 |    6374 |       0 |   0.0 |      28 |       0 |   0.0
     Lair:2 |    5848 |    6517 |  52.7 |      24 |      49 |  67.1
     Lair:3 |    4743 |    1676 |  26.1 |      20 |       4 |  16.7
     Lair:4 |    8021 |    1046 |  11.5 |      35 |       2 |   5.4
     Lair:5 |    4142 |    1314 |  24.1 |      18 |       6 |  25.0
     Lair:6 |   13059 |    5128 |  28.2 |      40 |      20 |  33.3
    Ossuary |       0 |     253 | 100.0 |       0 |      38 | 100.0
            +---------+---------+-------+---------+---------+-------
